 Dungeon Crawl Stone Soup version 0.26-b1-25-gafae2e710b (webtiles) character file.

Game seed: 4405365414893936804

342 Gadfly the Ruffian (level 6, -6/51 HPs)
             Began as a Draconian Transmuter on Jan 4, 2021.
             Killed by divine providence
             ... invoked by an orc priest
              (14 damage)
             ... on level 5 of the Dungeon.
             The game lasted 00:06:15 (4347 turns).

Gadfly the Ruffian (Draconian Transmuter)           Turns: 4347, Time: 00:06:15

Health: -6/51      AC:  2    Str: 14    XL:     6   Next: 30%
Magic:  9/10       EV: 21    Int: 14    God:
Gold:   189        SH:  0    Dex: 16    Spells: 5/11 levels left

rFire    . . .     SeeInvis .     - Unarmed
rCold    . . .     Faith    .   (shield currently unavailable)
rNeg     . . .     Spirit   .   (armour unavailable)
rPois    x         Reflect  .   (helmet currently unavailable)
rElec    .         Harm     .   (cloak currently unavailable)
rCorr    .         Rampage  .   (gloves currently unavailable)
Will     .....                  (boots currently unavailable)
Stlth    +.........             d - amulet of magic regeneration
HPRegen  0.17/turn              (no ring)
MPRegen  0.37/turn              (no ring)

@: spider-form (expiring), wereblooded
A: tiny, unfitting armour, AC +6
a: End Transformation


You were on level 5 of the Dungeon.
You were a venomous arachnid creature.
You visited 1 branch of the dungeon, and saw 5 of its levels.

You collected 189 gold pieces.

Inventory:

Hand Weapons
 b - a +1 whip of draining
Armour
 j - a +0 pair of boots (melded)
Jewellery
 d - an amulet of magic regeneration (around neck)
Scrolls
 a - 2 scrolls of teleportation
Potions
 e - a potion of cancellation
 h - 2 potions of flight
 i - a potion of heal wounds


   Skills:
 + Level 3.0 Fighting
 + Level 3.0 Dodging
 * Level 4.7 Unarmed Combat
 + Level 3.0 Spellcasting
 + Level 3.2 Transmutations


You had 5 spell levels left.
You knew the following spells:

 Your Spells              Type           Power        Failure   Level
a - Beastly Appendage     Tmut           22%          16%         1
b - Wereblood             Tmut           11%          22%         2
c - Spider Form           Tmut/Pois      3%           54%         3

Your spell library contained the following spells:

 Spells                   Type           Power        Failure   Level
 Ice Form                 Ice/Tmut       6%           88%         4
 Blade Hands              Tmut           5%           94%         5


Dungeon Overview and Level Annotations

Branches:
Dungeon (5/15)
 Temple: D:4-7

Altars:
Uskayaw
Zin


Innate Abilities, Weirdness & Mutations

((Your plain brown scales are hard. (AC +6)))
You cannot fit into any form of body armour.
((You are cold-blooded and may be slowed by cold attacks.))


Message History

Your transformation is almost over.
The centaur shoots an arrow.
The arrow hits you!
* * * LOW HITPOINT WARNING * * *
The leopard gecko misses you.
Your Fighting skill increases to level 3!
Your Dodging skill increases to level 3!
Your Spellcasting skill increases to level 3!
You have reached level 6!
Your experience leads to an increase in your attributes!
Your base attributes are Str 13, Int 14, Dex 11.
Increase (S)trength, (I)ntelligence, or (D)exterity?
You feel stronger.
Your scales feel tougher.
You feel better.
You hiss as the wereblood boils in your veins!
The leopard gecko closely misses you.
The centaur shoots an arrow.
The arrow completely misses you.
The leopard gecko completely misses you.
The orc priest calls down the wrath of Beogh upon you.
Beogh smites you!
You die...

,,,,,,,*,,,.......).,,,,,,,,,,,,,
,,,,,,,*,,,,.......,,,,,,,,,,,,,,
,,,,,,,*****#......,,,,,,,,,,,,,,
,,,,,,,,,,,,#...w.#******,,,,,,,,
,,,,,,,,,,,,#.....#,,,,,****+****
,,,,,,,,,,,,#.....#,,,,,*,,,,,,,,
,,,,,,,,,,,,#.....#,,,,,+,,,,,,,,
,,,,,,,,,,,,#..l)(#,,,,,*,,,,,,,,
,,,,,,,,,,,,+...s.#,,,,,*,,,,,,,*
,,,,,,,*****#...o.#*******,,,,,,*
,,,,,,,*,...........,,,,,*,,,,,,,
,,,,,,,*,(...c........,,,*,,,,,,*
,,,,,,,+,.......5.......,*,,,,,,*
********,..$............,+,,,,,,,
**,,,,,*,...............,*,,,,,,,
,,,,,,,*,...............,*,,,,,,,
,,,,,,,*,,,,,,,,,,,,,,,,,*,,,,,,,


You could see a centaur, a worm, an orc priest, a white imp and a leopard gecko.

Vanquished Creatures
  An ogre (D:5)
  An orc priest (D:3)
  An orc wizard (D:4)
  7 adders
  An ooze (D:2)
  5 worms
  4 dart slugs
  6 leopard geckos
  11 orcs
  4 giant cockroaches
  7 goblins
  10 hobgoblins
  10 jackals
  2 ball pythons
  11 bats
  4 frilled lizards
  9 kobolds
  10 rats
104 creatures vanquished.

Notes
Turn   | Place    | Note
-------+----------+-------------------------------------------
     0 | D:1      | Gadfly the Draconian Transmuter began the quest for the
                  | Orb.
     0 | D:1      | Reached XP level 1. HP: 16/16 MP: 3/3
   109 | D:1      | Reached XP level 2. HP: 10/23 MP: 3/5
   376 | D:1      | Learned a level 2 spell: Wereblood
   608 | D:1      | Reached XP level 3. HP: 24/29 MP: 6/6
  1141 | D:1      | Learned a level 3 spell: Spider Form
  1867 | D:2      | Reached XP level 4. HP: 19/36 MP: 7/7
  2058 | D:2      | Found a glowing silver altar of Zin.
  2397 | D:2      | Reached skill level 4 in Unarmed Combat
  2943 | D:3      | Reached XP level 5. HP: 42/42 MP: 8/8
  3233 | D:3      | HP: 2/42 [orc priest/nerve-wracking pain (12)]
  3679 | D:3      | Found a hide-covered altar of Uskayaw.
  4171 | D:5      | Entered Level 5 of the Dungeon
  4171 | D:5      | Noticed an ogre
  4327 | D:5      | Noticed a centaur
  4345 | D:5      | Killed an ogre
  4345 | D:5      | HP: 2/44 [centaur/arrow (8)]
  4346 | D:5      | Reached XP level 6. HP: 3/51 MP: 8/10
  4347 | D:5      | Killed from afar by an orc priest

Illustrated notes

Levels and vault maps discovered:
D:1:      lemuel_arrival_lava_pool, layout_rooms
D:2:      layout_loops_cross, nicolae_overflow_crystal_walls,
          supply_closet_lemuel, chequers_avenue, minmay_hexomino_c4
D:3:      layout_basic, lemuel_coloured_pillars_altar, minmay_misc_feat_pillars
D:4:      layout_basic
D:5:      layout_gridville, lemuel_round_altar, serial_shops, shop,
          lightli_sewer_entry_pipes, uniq_eustachio, uniq_blork_the_orc

Skill      XL: |  1  2  3  4  5 |
---------------+----------------+-----
Dodging        | 2 3 |  3.0
Fighting       | 2 3 |  3.0
Unarmed Combat | 4 |  4.7
Transmutations | 3 |  3.2
Spellcasting   | 3 |  3.0

Action                   |  1- 3 |  4- 6 || total
-------------------------+-------+-------++-------
Melee: Unarmed           |   179 |   206 ||   385
       Kick              |    12 |    20 ||    32
       Headbutt          |    11 |    10 ||    21
       Tailslap          |    15 |    14 ||    29
       Punch             |     2 |       ||     2
       Whip              |       |     2 ||     2
 Cast: Beastly Appendage |    15 |    21 ||    36
       Wereblood         |       |     3 ||     3
       Spider Form       |       |     1 ||     1
  Use: Scroll            |     3 |     7 ||    10
       Potion            |       |     2 ||     2
 Stab: Sleeping          |       |     2 ||     2
Armor: Skin              |    84 |    63 ||   147
Dodge: Dodged            |   160 |   165 ||   325
